 Dungeon Crawl Stone Soup version 0.20.1-1-g8b1a95d (webtiles) character file.

21 Energizer the Skirmisher (level 2, -2/24 HPs)
             Began as a Mummy Chaos Knight on July 19, 2017.
             Slain by a sky beast (6 damage)
             ... on level 2 of the Dungeon.
             The game lasted 00:04:02 (664 turns).

Energizer the Skirmisher (Mummy Chaos Knight)        Turns: 664, Time: 00:04:02

Health: -2/24      AC:  6    Str: 20    XL:     2   Next: 65%
Magic:  2/2        EV: 11    Int: 11    God:    Xom [....*.]
Gold:   67         SH:  0    Dex: 11    Spells: 1/1 levels left

rFire    x . .     SeeInvis .   a - +0 falchion (chaos)
rCold    + . .     Gourm    .   (no shield)
rNeg     + + +     Faith    .   b - +2 leather armour
rPois    ∞         Spirit   .   (no helmet)
rElec    .         Reflect  .   (no cloak)
rCorr    .         Harm     .   f - +0 pair of gloves
MR       .....                  (no boots)
Stlth    +.........             (no amulet)
Regen    0.1/turn               (no ring)
MPRegen  0.1/turn               (no ring)

@: mighty
A: no food or potions, fire vulnerability, cold resistance 1, negative energy
resistance 3, torment resistance, unbreathing
a: Renounce Religion


You were on level 2 of the Dungeon.
You worshipped Xom.
You were a beloved toy of Xom.
You were not hungry.

You visited 1 branch of the dungeon, and saw 2 of its levels.

You collected 67 gold pieces.

Inventory:

Hand Weapons
 a - a +0 falchion of chaos (weapon)
Armour
 b - a +2 leather armour (worn)
 f - a +0 pair of gloves (worn)
Jewellery
 d - an uncursed ring of stealth {unknown}
Scrolls
 c - a scroll of random uselessness {unknown}
 e - a scroll of enchant weapon {unknown}


   Skills:
 + Level 3.3 Fighting
 * Level 2.7 Long Blades
 + Level 1.7 Armour
 + Level 1.0 Dodging
 + Level 0.3 Stealth


You had one spell level left.
You didn't know any spells.

Dungeon Overview and Level Annotations

Branches:
Dungeon (2/15)

Altars:


Innate Abilities, Weirdness & Mutations

You do not eat or drink.
Your flesh is vulnerable to fire.
You are immune to poison.
Your flesh is cold resistant. (rC+)
You are immune to negative energy. (rN+++)
You are immune to unholy pain and torment.
You can survive without breathing.


Message History

Deactivating autopickup; reactivate with Ctrl-A.
You miss something. Something hits you. Something shocks you.
* * * LOW HITPOINT WARNING * * *
You enter the shallow water.
Moving in this stuff is going to be slow.
Something hits you but does no damage.
A sky beast appears from thin air!
Reactivating autopickup.
You enter the shallow water.
Moving in this stuff is going to be slow.
The sky beast hits you but does no damage.
You enter the shallow water.
Moving in this stuff is going to be slow.
You enter the shallow water.
Moving in this stuff is going to be slow.
The sky beast hits you.
* * * LOW HITPOINT WARNING * * *
The sky beast shocks you.
You die...
Xom snickers!

......., ,... ...#*, ,* *
, *,
.##...#***#.#**#..#*,**,
,,,,,,,, .##...# #.#
#..#*,****** , ** .##...#
#.# #..#*,* *,,,
.##...#####.####>.#*,#
**,,
....#.....%.......##.# ,,,
............##.......# *,
, .##.##########≈#..#### *
,, .##.# #.#@.#* ###****
*,,, .##.# #.#Y.##....,,,
, , .##.#
#####.#........,,,,,,,,
.##.#
#>.........(###,***** ,
.##.######.##...#.####**,
,
.....<.................,,*
** ##.#######.##...#.#####
** * #.# #,#......# * #.#
** ........# *


You could see a sky beast.

Vanquished Creatures
  A leopard gecko (D:1)
  2 giant cockroaches (D:1)
  2 goblins (D:1)
  3 hobgoblins (D:1)
  2 jackals (D:1)
  3 bats (D:1)
  2 frilled lizards (D:1)
  2 kobolds (D:1)
  2 rats (D:1)
19 creatures vanquished.

Notes
Turn   | Place    | Note
-------+----------+-------------------------------------------
     0 | D:1      | Energizer the Mummy Chaos Knight began the quest for the Orb.
     0 | D:1      | Reached XP level 1. HP: 18/18 MP: 1/1
   137 | D:1      | Reached XP level 2. HP: 17/24 MP: 2/2
   389 | D:1      | Reached skill level 1 in Dodging
   399 | D:1      | XOM: harmless Ice miscast
   562 | D:2      | Noticed a sky beast
   562 | D:2      | a worm changed into a sky beast
   567 | D:2      | XOM: enchant monster (good)
   595 | D:2      | XOM: cast spell 'Death Channel'
   615 | D:2      | XOM: potion effect (might)
   622 | D:2      | XOM: divination: magic mapping
   664 | D:2      | Slain by a sky beast

Skill      XL: |  1  2 |
---------------+-------+-----
Dodging        | 1 |  1.0
Fighting       | |  3.3
Long Blades    | |  2.7
Armour         | |  1.7
Stealth        | |  0.3

Action                   || total
-------------------------++-------
Melee: Falchion          ||    57
Armor: Leather armour    ||    23
Dodge: Dodged            ||    27
       Rpst.: Falchion   ||     8
